 Dungeon Crawl Stone Soup version 0.28.0-53-g5a82cb258f (webtiles) character file.

Game seed: 2666399162056919974

294 Zeld the Chiller (level 6, 0/41 HPs)
             Began as a Merfolk Ice Elementalist on Aug 2, 2022.
             Succumbed to a scorpion's poison
             ... on level 5 of the Dungeon.
             The game lasted 00:07:27 (4169 turns).

Zeld the Chiller (Merfolk Ice Elementalist)         Turns: 4169, Time: 00:07:28

Health: 0/41       AC:  4    Str:  9    XL:     6   Next: 33%
Magic:  12/20      EV: 13    Int: 16    God:
Gold:   98         SH:  0    Dex: 16    Spells: 5/12 levels left

rFire   . . .      SeeInvis .   a - +0 halberd
rCold   + . .      Faith    .   (shield currently unavailable)
rNeg    . . .      Spirit   .   w - +0 robe
rPois   .          Reflect  .   (no helmet)
rElec   .          Harm     .   (no cloak)
rCorr   +          Rampage  .   l - +0 pair of gloves
Will    .....                   p - +0 pair of boots
Stlth   +++.......              c - amulet of the acrobat
HPRegen 0.13/turn               y - ring of magical power
MPRegen 0.17/turn               u - ring of resist corrosion

@: lethally poisoned (0 -> -5), freezing walls, attractive
A: (nimble swimmer 2), mertail, agile 1, cold resistance 1, mutation resistance
1
a: no special abilities


You were on level 5 of the Dungeon.
You visited 1 branch of the dungeon, and saw 5 of its levels.

You collected 98 gold pieces.

Inventory:

Hand Weapons
 a - a +0 halberd (weapon)
Armour
 l - a +0 pair of gloves (worn)
 p - a +0 pair of boots (worn)
 w - a +0 robe (worn)
Jewellery
 c - an amulet of the acrobat (around neck)
 f - a ring of flight
 u - a ring of resist corrosion (right hand)
 x - a ring of ice
 y - a ring of magical power (left hand)
Wands
 t - a wand of flame (21)
 v - a wand of acid (7)
Scrolls
 i - a scroll of vulnerability {unknown}
 j - a scroll of fog {unknown}
 k - 3 scrolls of enchant armour {unknown}
 n - 2 scrolls of fear {unknown}
 o - 4 scrolls of teleportation {unknown}
 r - a scroll of identify {unknown}
 z - a scroll of immolation {unknown}
Potions
 b - 2 potions of heal wounds {unknown}
 d - 2 potions of attraction
 e - a potion of experience {unknown}
 g - 5 potions of mutation
 h - a potion of invisibility {unknown}
 m - a potion of flight {unknown}
 q - 2 potions of brilliance {unknown}
 s - a potion of haste {unknown}


   Skills:
 * Level 2.6 Polearms
 + Level 4.0 Dodging
 + Level 3.5 Stealth
 * Level 3.6 Spellcasting
 * Level 5.7 Ice Magic


You had 5 spell levels left.
You knew the following spells:

 Your Spells              Type           Power      Damage    Failure   Level
a - Freeze                Ice            84%        1d10      1%          1
b - Frozen Ramparts       Ice            42%        1d6       4%          3
c - Ozocubu's Armour      Ice            21%        N/A       4%          3

Your spell library contained the following spells:

 Spells                   Type           Power      Damage    Failure   Level
 Gell's Gravitas          Tloc           2%         N/A       47%         3
 Lesser Beckoning         Tloc           2%         N/A       47%         3
 Teleport Other           Tloc           2%         N/A       47%         3
 Hailstorm                Conj/Ice       12%        3d5       47%         4
 Leda's Liquefaction      Hex/Erth       1%         N/A       87%         4
 Lee's Rapid Deconstruct  Erth           1%         3d5*      99%         5
 Statue Form              Tmut/Erth      1%         N/A       100%        6


Dungeon Overview and Level Annotations

Branches:
Dungeon (5/15)
 Temple: D:4-7

Altars:
Trog


Innate Abilities, Weirdness & Mutations

((You are very nimble when in or above water. (Stealth+, EV+, Speed+++)))
Your lower body shifts to a powerful aquatic tail in water.
You are agile. (Dex +2)
Your flesh is cold resistant. (rC+)
You are somewhat resistant to further mutation.


Message History

Confirm with . or Enter, or press ? or * to list all spells.
Aiming: Freeze (safe; 1% risk of failure)
Press: ? - help, Shift-Dir - straight line, f - scorpion
Aim: a scorpion (moderately wounded)
You freeze the scorpion.
The scorpion is moderately wounded.
The wall freezes the scorpion.
The scorpion stings you.
The wall freezes the scorpion.
The scorpion stings you.
You are poisoned.
The scorpion poisons you!
Casting: Freeze (safe; 1% risk of failure)
Confirm with . or Enter, or press ? or * to list all spells.
Aiming: Freeze (safe; 1% risk of failure)
Press: ? - help, Shift-Dir - straight line, f/p - scorpion
Aim: a scorpion (severely wounded)
You freeze the scorpion.
The scorpion is almost dead.
You feel very sick.
The wall freezes the scorpion.
The scorpion completely misses you.
Casting: Freeze (safe; 1% risk of failure)
Confirm with . or Enter, or press ? or * to list all spells.
Aiming: Freeze (safe; 1% risk of failure)
Press: ? - help, Shift-Dir - straight line, f/p - scorpion
Aim: a scorpion (almost dead)
You freeze the scorpion.
You kill the scorpion!
You feel sick.
The ogre hits you with a +0 giant club!!
Ouch! That really hurt!
* * * LOW HITPOINT WARNING * * *
Your Dodging skill increases to level 4!
Unknown command.
It was a potion of mutation.
You feel extremely strange.
You feel genetically stable.
You feel resistant to cold.
You feel agile.
* * * LOW HITPOINT WARNING * * *
You feel sick.
Unknown command.
It was a potion of attraction.
You feel attractive to monsters.
You die...

######
###@...####
#.†.O.....##
#........<.#
##...>.....##
##...<.....##
##....)....##
##...........##
..............#
.................


You could see an ogre.

Vanquished Creatures
  2 scorpions (D:5)
  A hound (D:5)
  Ijyb (D:3)
  A hound skeleton (D:4)
  3 adders
  An adder skeleton (D:4)
  2 worms (D:2)
  4 orcs (D:4)
  7 endoplasms
  A giant cockroach (D:1)
  5 goblins
  7 hobgoblins
  5 kobolds
  3 quokkas
  12 ball pythons
  A bat (D:3)
  2 frilled lizards (D:1)
  9 rats
67 creatures vanquished.

Notes
Turn   | Place    | Note
-------+----------+-------------------------------------------
     0 | D:1      | Zeld the Merfolk Ice Elementalist began the quest for the
                  | Orb.
     0 | D:1      | Reached XP level 1. HP: 13/13 MP: 3/3
   238 | D:1      | Reached XP level 2. HP: 19/19 MP: 0/5
   750 | D:1      | Reached XP level 3. HP: 23/24 MP: 3/6
   756 | D:1      | Learned a level 3 spell: Frozen Ramparts
  1108 | D:1      | Learned a level 3 spell: Ozocubu's Armour
  1140 | D:2      | Found a bloodstained altar of Trog.
  1284 | D:2      | Found a faded altar of an unknown god.
  1758 | D:2      | Reached skill level 5 in Ice Magic
  1758 | D:2      | Reached XP level 4. HP: 30/30 MP: 5/8
  2551 | D:3      | Noticed Ijyb
  2558 | D:3      | Killed Ijyb
  2890 | D:4      | Reached XP level 5. HP: 29/35 MP: 3/9
  4046 | D:5      | Entered Level 5 of the Dungeon
  4061 | D:5      | Reached skill level 1 in Polearms
  4072 | D:5      | Reached XP level 6. HP: 33/41 MP: 7/11
  4168 | D:5      | Gained mutation: You are somewhat resistant to further
                  | mutation. [potion of mutation]
  4168 | D:5      | Gained mutation: Your flesh is cold resistant. (rC+)
                  | [potion of mutation]
  4168 | D:5      | Gained mutation: You are agile. (Dex +2) [potion of
                  | mutation]
  4168 | D:5      | HP: 1/41 [poisoned by a scorpion]
  4169 | D:5      | Succumbed to a scorpion's poison

Illustrated notes

Levels and vault maps discovered:
D:1:      onia_arrival_handbag, layout_loops_cross,
          minmay_misc_feat_more_columns, minmay_misc_feat_enclosed
D:2:      layout_rooms, chequers_ecumenical_altar_island, basic_altar,
          dk_vineyard_1, moated_statue
D:3:      layout_basic, uniq_ijyb
D:4:      layout_layer_cave
D:5:      gammafunk_steamed_eel, layout_cave_pods, serial_shops,
          kennysheep_mini_moat, kennysheep_doodads, kennysheep_flooded_box

Skill      XL: |  1  2  3  4  5  6 |
---------------+-------------------+-----
Dodging        | 3 4 |  4.0
Ice Magic      | 5 |  5.7
Stealth        | 3 |  3.5
Spellcasting   | 3 |  3.6
Polearms       | 2 |  2.6

Action                   |  1- 3 |  4- 6 || total
-------------------------+-------+-------++-------
Melee: Unarmed           |     9 |    18 ||    27
       Punch             |     1 |     1 ||     2
       Halberd           |       |    24 ||    24
 Cast: Freeze            |    56 |    37 ||    93
       Frozen Ramparts   |       |     6 ||     6
       Ozocubu's Armour  |       |     2 ||     2
  Use: Potion            |       |     2 ||     2
 Stab: Distracted        |     1 |       ||     1
       Sleeping          |     1 |     1 ||     2
Armor: Robe              |     1 |    16 ||    17
Dodge: Dodged            |    32 |    52 ||    84
